Philadelphia Flyers vs Vegas Golden Knights
Created - Saturday, June 24, 2023 at 06:30
Goals
|
| Philadelphia Flyers |
2 |
3 |
0 |
5 |
| Vegas Golden Knights |
0 |
2 |
2 |
4 |
|
Shots
|
| Philadelphia Flyers |
22 |
15 |
2 |
39 |
| Vegas Golden Knights |
8 |
14 |
6 |
28 |
|
1st period
1. Philadelphia Flyers , Tomas Tatar 12 (T.J. Tynan 4) at 1:23
2. Philadelphia Flyers , Matt Boldy 18 (Oliver Ekman-Larsson 15, Carter Verhaeghe 28) at 13:25
Penalties :
Brian Dumoulin (VGK) for Interference (Minor) at 2:15
2nd period
3. Philadelphia Flyers , Matt Boldy 19 (Evan Rodrigues 27, Matt Roy 17) at 1:44 (PP)
4. Philadelphia Flyers , Evgenii Dadonov 17 (Oliver Ekman-Larsson 16, Riley Sheahan 13) at 4:09
5. Vegas Golden Knights , Rickard Rakell 23 (Jaden Schwartz 37, Anthony Cirelli 20) at 12:35
6. Vegas Golden Knights , Jaden Schwartz 24 (John Marino 27, Brian Dumoulin 21) at 15:39
7. Philadelphia Flyers , Carter Verhaeghe 21 (Evan Rodrigues 28, Matt Boldy 17) at 17:01
Penalties :
Jaden Schwartz (VGK) for Slashing (Minor) at 0:35, Anthony Cirelli (VGK) for Holding (Minor) at 4:12, Jonathan Drouin (VGK) for High sticking (Minor) at 19:40
3rd period
8. Vegas Golden Knights , Anthony Cirelli 18 (Jaden Schwartz 38, Rickard Rakell 39) at 3:39
9. Vegas Golden Knights , Victor Olofsson 13 (Colin White 31, Jaden Schwartz 39) at 11:59
Penalties :
John Marino (VGK) for Holding (Minor) at 19:10
Goalie Stats
Thomas Greiss (PHI), 24 saves from 28 shots - (0.857), W, 11-5-2, 60:00 minutes
Casey DeSmith (VGK), 34 saves from 39 shots - (0.872), L, 19-22-5, 60:00 minutes
Players Stats for Philadelphia Flyers
Player Name G A P +/- PIM S H SB GA TA FO MP PP MP PK MP
------------------------------------------------------------------------------------
Alexander Barabanov 0 0 0 -3 0 1 2 0 0 0 0/0 15:16 0:09 0:00
Alexander Edler 0 0 0 0 0 1 2 0 0 0 0/0 16:09 3:34 0:00
Artem Zub 0 0 0 0 0 0 0 2 0 0 0/0 11:34 0:00 0:00
Ben Chiarot 0 0 0 -2 0 0 1 0 0 2 0/0 20:05 0:00 0:00
Carter Verhaeghe 1 1 2 2 0 3 1 0 0 0 0/1 18:33 4:04 0:00
Elias Lindholm 0 0 0 -2 0 2 5 0 1 0 12/20 18:32 4:13 0:00
Evan Rodrigues 0 2 2 1 0 1 1 1 2 0 6/12 18:59 3:42 0:00
Evgenii Dadonov 1 0 1 1 0 7 0 1 0 1 0/0 14:40 0:00 0:00
Justin Faulk 0 0 0 -2 0 1 3 1 0 2 0/0 24:41 4:21 0:00
Marcus Johansson 0 0 0 1 0 4 0 1 0 1 0/1 18:22 3:42 0:00
Matt Boldy 2 1 3 1 0 7 2 1 0 0 1/1 18:59 3:42 0:00
Matt Roy 0 1 1 2 0 2 1 1 0 1 0/0 23:45 3:34 0:00
Oliver Ekman-Larsson 0 2 2 2 0 0 2 1 0 2 0/0 23:46 4:21 0:00
Riley Sheahan 0 1 1 1 0 2 1 2 0 1 5/12 14:40 0:00 0:00
T.J. Tynan 0 1 1 0 0 2 1 0 0 0 2/3 7:49 0:00 0:00
Tomas Tatar 1 0 1 0 0 1 0 0 0 0 0/0 7:49 0:00 0:00
Tyler Bertuzzi 0 0 0 -2 0 4 2 0 1 0 0/3 18:32 4:13 0:00
Tyler Johnson 0 0 0 0 0 1 0 0 0 0 0/0 7:49 0:00 0:00
Players Stats for Vegas Golden Knights
Player Name G A P +/- PIM S H SB GA TA FO MP PP MP PK MP
------------------------------------------------------------------------------------
Andreas Johnsson 0 0 0 1 0 0 0 0 1 0 0/0 8:49 0:00 0:00
Andrew Peeke 0 0 0 0 0 0 4 1 0 1 0/0 22:37 0:00 4:10
Anthony Cirelli 1 1 2 3 2 4 0 2 0 0 4/10 16:04 0:00 1:54
Artemi Panarin 0 0 0 -3 0 6 1 1 2 1 1/2 17:25 0:00 0:00
Brian Dumoulin 0 1 1 1 2 1 0 0 0 0 0/0 23:47 0:00 2:53
Colin White 0 1 1 1 0 0 1 0 1 0 1/2 9:10 0:00 0:21
Jaden Schwartz 1 3 4 3 2 4 5 0 0 0 0/0 14:14 0:00 0:44
John Marino 0 1 1 1 2 1 0 4 0 1 0/0 21:05 0:00 0:35
Jonathan Drouin 0 0 0 -1 2 4 2 0 1 0 1/2 11:55 0:00 0:00
Jordan Staal 0 0 0 -3 0 1 1 2 1 1 18/30 21:47 0:00 4:22
Marc Staal 0 0 0 0 0 0 0 0 0 0 0/0 22:37 0:00 4:10
Marc-Edouard Vlasic 0 0 0 -1 0 0 1 0 0 0 0/0 16:52 0:00 3:45
P.K. Subban 0 0 0 -1 0 0 2 0 0 0 0/0 13:23 0:00 0:17
Rickard Rakell 1 1 2 3 0 2 0 0 0 0 0/0 13:31 0:00 0:00
Tom Wilson 0 0 0 -3 0 0 2 2 2 0 2/4 21:38 0:00 4:13
Victor Olofsson 1 0 1 1 0 1 0 0 0 0 0/0 8:49 0:00 0:00
Vladislav Namestnikov 0 0 0 -1 0 2 0 2 2 0 0/3 13:21 0:00 1:40
Zach Parise 0 0 0 -1 0 2 0 1 0 0 0/0 14:56 0:00 2:36
3 Stars
1 - Jaden Schwartz (VGK)
2 - Matt Boldy (PHI)
3 - Carter Verhaeghe (PHI)
Power Play
Philadelphia Flyers - 1 on 5 Attempt(s) - 20.00%
Vegas Golden Knights - 0 on 0 Attempt(s) - 0.00%
Penalty Kill
Philadelphia Flyers - 0 on 0 Attempt(s) - 0.00%
- Score 0 goal in Penalty Kill
Vegas Golden Knights - 4 on 5 Attempt(s) - 80.00%
- Score 0 goal in Penalty Kill
Team Stat
Philadelphia Flyers - Hits : 24 - Faceoff Wins : 26 - Blocked Shots : 11 - Penalty Minutes : 0
Vegas Golden Knights - Hits : 19 - Faceoff Wins : 27 - Blocked Shots : 15 - Penalty Minutes : 10
Official
Referees : Jon Mclsaac and Dave Jackson
Linesman : Scott Cherrey and Don Henderson
Game Notes
No Game Note
Finance
Level 1 -- Attendance: 5297 (88.28%) -- Ticket Income $503,215
Level 2 -- Attendance: 4386 (87.72%) -- Ticket Income $241,230
Level 3 -- Attendance: 3000 (100.00%) -- Ticket Income $90,000
Level 4 -- Attendance: 5000 (100.00%) -- Ticket Income $100,000
Luxury Box -- Attendance: 942 (94.20%) -- Ticket Income $178,980
Game was played at the T-Mobile Arena.
Total Attendance: 18625 (93.13%)
Total Ticket Income: $1,113,425
Other Income: $389,699
Total Income: $1,503,124
Philadelphia Flyers
5 vs 5 Forward
Center Left Wing Right Wing Time % Phy DF OF
1 Elias Lindholm Tyler Bertuzzi Alexander Barabanov 30 1 1 3
2 Evan Rodrigues Carter Verhaeghe Matt Boldy 30 1 3 1
3 Riley Sheahan Marcus Johansson Evgenii Dadonov 30 1 1 3
4 T.J. Tynan Tyler Johnson Tomas Tatar 10 1 1 3
5 vs 5 Defense
Defense Defense Time % Phy DF OF
1 Justin Faulk Ben Chiarot 40 1 3 1
2 Oliver Ekman-Larsson Matt Roy 40 1 3 1
3 Alexander Edler Artem Zub 20 1 3 1
4 Justin Faulk Ben Chiarot 0 1 3 1
PowerPlay Forward
Center Left Wing Right Wing Time % Phy DF OF
1 Elias Lindholm Tyler Bertuzzi Carter Verhaeghe 55 0 0 5
2 Evan Rodrigues Matt Boldy Marcus Johansson 45 0 0 5
PowerPlay Defense
Defense Defense Time % Phy DF OF
1 Justin Faulk Oliver Ekman-Larsson 55 0 1 4
2 Alexander Edler Matt Roy 45 0 1 4
Penalty Kill 4 Players Forward
Center Wing Time % Phy DF OF
1 Riley Sheahan Carter Verhaeghe 55 1 3 1
2 Elias Lindholm Tyler Bertuzzi 45 1 3 1
Penalty Kill 4 Players Defense
Defense Defense Time % Phy DF OF
1 Justin Faulk Ben Chiarot 50 1 4 0
2 Oliver Ekman-Larsson Matt Roy 50 1 4 0
Penalty Kill - 3 Players Forward
Forward Time % Phy DF OF
1 Riley Sheahan 50 0 4 1
2 Elias Lindholm 50 0 4 1
Penalty Kill - 3 Players Defense
Defense Defense Time % Phy DF OF
1 Justin Faulk Ben Chiarot 50 1 4 0
2 Oliver Ekman-Larsson Matt Roy 50 1 4 0
4 vs 4 Forward
Center Wing Time % Phy DF OF
1 Elias Lindholm Tyler Bertuzzi 50 1 1 3
2 Evan Rodrigues Carter Verhaeghe 50 1 1 3
4 vs 4 Defense
Defense Defense Time % Phy DF OF
1 Justin Faulk Ben Chiarot 50 1 2 2
2 Oliver Ekman-Larsson Matt Roy 50 1 2 2
Last Minutes Offensive
Center Left Wing Right Wing Defense Defense
Elias Lindholm Tyler Bertuzzi Matt Boldy Justin Faulk Oliver Ekman-Larsson
Last Minutes Defensive
Center Left Wing Right Wing Defense Defense
Elias Lindholm Riley Sheahan Tyler Bertuzzi Ben Chiarot Matt Roy
Goaltenders
Starting : Thomas Greiss
Backup : Mackenzie Blackwood
Extra Forwards
Normal : Matt Boldy, Alexander Barabanov, Carter Verhaeghe - PP : Matt Boldy, Alexander Barabanov - PK : Alexander Barabanov
Extra Defensemen
Normal : Justin Faulk, Oliver Ekman-Larsson, Alexander Edler - PP : Justin Faulk - PK : Ben Chiarot, Alexander Edler
Penalty Shots
Tyler Bertuzzi, Elias Lindholm, Matt Boldy, Carter Verhaeghe, Evan Rodrigues
Vegas Golden Knights
5 vs 5 Forward
Center Left Wing Right Wing Time % Phy DF OF
1 Jordan Staal Artemi Panarin Tom Wilson 40 1 2 2
2 Anthony Cirelli Jaden Schwartz Rickard Rakell 30 1 2 2
3 Vladislav Namestnikov Zach Parise Jonathan Drouin 20 1 2 2
4 Colin White Andreas Johnsson Victor Olofsson 10 1 2 2
5 vs 5 Defense
Defense Defense Time % Phy DF OF
1 Brian Dumoulin John Marino 40 1 2 2
2 Marc Staal Andrew Peeke 30 1 2 2
3 Marc-Edouard Vlasic P.K. Subban 20 1 2 2
4 Brian Dumoulin John Marino 10 1 2 2
PowerPlay Forward
Center Left Wing Right Wing Time % Phy DF OF
1 Colin White Artemi Panarin Tom Wilson 60 1 2 2
2 Vladislav Namestnikov Andreas Johnsson Rickard Rakell 40 1 2 2
PowerPlay Defense
Defense Defense Time % Phy DF OF
1 Jaden Schwartz P.K. Subban 60 1 2 2
2 Victor Olofsson John Marino 40 1 2 2
Penalty Kill 4 Players Forward
Center Wing Time % Phy DF OF
1 Jordan Staal Tom Wilson 60 1 2 2
2 Anthony Cirelli Zach Parise 40 1 2 2
Penalty Kill 4 Players Defense
Defense Defense Time % Phy DF OF
1 Marc Staal Andrew Peeke 60 1 2 2
2 Marc-Edouard Vlasic Brian Dumoulin 40 1 2 2
Penalty Kill - 3 Players Forward
Forward Time % Phy DF OF
1 Anthony Cirelli 60 1 2 2
2 Zach Parise 40 1 2 2
Penalty Kill - 3 Players Defense
Defense Defense Time % Phy DF OF
1 Marc Staal Andrew Peeke 60 1 2 2
2 Marc-Edouard Vlasic Brian Dumoulin 40 1 2 2
4 vs 4 Forward
Center Wing Time % Phy DF OF
1 Jordan Staal Artemi Panarin 60 1 2 2
2 Anthony Cirelli Tom Wilson 40 1 2 2
4 vs 4 Defense
Defense Defense Time % Phy DF OF
1 Marc Staal Andrew Peeke 60 1 2 2
2 Brian Dumoulin John Marino 40 1 2 2
Last Minutes Offensive
Center Left Wing Right Wing Defense Defense
Jordan Staal Artemi Panarin Tom Wilson Brian Dumoulin John Marino
Last Minutes Defensive
Center Left Wing Right Wing Defense Defense
Jordan Staal Zach Parise Tom Wilson Brian Dumoulin Andrew Peeke
Goaltenders
Starting : Casey DeSmith
Backup : Philipp Grubauer
Extra Forwards
Normal : Rickard Rakell, Artemi Panarin, Jordan Staal - PP : Anthony Cirelli, Zach Parise - PK : Vladislav Namestnikov
Extra Defensemen
Normal : Marc Staal, John Marino, Brian Dumoulin - PP : Marc Staal - PK : John Marino, P.K. Subban
Penalty Shots
Artemi Panarin, Rickard Rakell, Andreas Johnsson, Anthony Cirelli, Victor Olofsson
% Time on Ice - Philadelphia Flyers
Lines # - Real PCT - Wanted PCT - Time Play
Normal Forward
1 - 27% - 30% - 14:19
2 - 29% - 30% - 15:17
3 - 28% - 30% - 14:40
4 - 15% - 10% - 7:49
Normal Defense
1 - 39% - 40% - 20:20
2 - 39% - 40% - 20:11
3 - 22% - 20% - 11:34
4 - 0% - 0% - 0:00
PP Forward
1 - 53% - 55% - 4:13
2 - 47% - 45% - 3:42
PP Defense
1 - 55% - 55% - 4:21
2 - 45% - 45% - 3:34
PK Forward
1 - 0% - 55%
2 - 0% - 45%
PK Defense
1 - 0% - 50%
2 - 0% - 50%
PK3 Forward
1 - 0% - 50%
2 - 0% - 50%
PK3 Defense
1 - 0% - 50%
2 - 0% - 50%
44 Forward
1 - 0% - 50%
2 - 0% - 50%
44 Defense
1 - 0% - 50%
2 - 0% - 50%
Last Minute Offensive - 0:00
Last Minute Defensive - 0:00
Total
Forward - 60:00
Defense - 60:00
|
% Time on Ice - Vegas Golden Knights
Lines # - Real PCT - Wanted PCT - Time Play
Normal Forward
1 - 33% - 40% - 17:25
2 - 27% - 30% - 14:11
3 - 22% - 20% - 11:40
4 - 17% - 10% - 8:49
Normal Defense
1 - 38% - 40% - 19:41
2 - 32% - 30% - 16:52
3 - 25% - 20% - 13:06
4 - 5% - 10% - 2:26
PP Forward
1 - 0% - 60%
2 - 0% - 40%
PP Defense
1 - 0% - 60%
2 - 0% - 40%
PK Forward
1 - 67% - 60% - 5:19
2 - 33% - 40% - 2:36
PK Defense
1 - 53% - 60% - 4:10
2 - 47% - 40% - 3:45
PK3 Forward
1 - 0% - 60%
2 - 0% - 40%
PK3 Defense
1 - 0% - 60%
2 - 0% - 40%
44 Forward
1 - 0% - 60%
2 - 0% - 40%
44 Defense
1 - 0% - 60%
2 - 0% - 40%
Last Minute Offensive - 0:00
Last Minute Defensive - 0:00
Total
Forward - 60:00
Defense - 60:00
|
Play-by-Play
1st period
0:01 of 1st period - Elias Lindholm wins face-off versus Jordan Staal in neutral zone.
0:14 of 1st period - Ben Chiarot is hit by Tom Wilson and loses puck.
0:29 of 1st period - Wrist shot by Anthony Cirelli.
0:29 of 1st period - Stopped by Thomas Greiss with a rebound.
0:31 of 1st period - Backhand shot by Anthony Cirelli.
0:31 of 1st period - Stopped by Thomas Greiss with a rebound.
1:17 of 1st period - Snap shot by Tomas Tatar.
1:17 of 1st period - Shot Misses the Net.
1:19 of 1st period - Wrist shot by Tyler Johnson.
1:19 of 1st period - Stopped by Casey DeSmith with a rebound.
1:21 of 1st period - Snap shot by Matt Roy.
1:21 of 1st period - Stopped by Casey DeSmith without a rebound.
1:22 of 1st period - T.J. Tynan wins face-off versus Jordan Staal in Vegas Golden Knights zone.
1:23 of 1st period - Snap shot by Tomas Tatar.
1:23 of 1st period - Goal by Tomas Tatar - Philadelphia Flyers : 1 - Vegas Golden Knights : 0.
1:24 of 1st period - Elias Lindholm wins face-off versus Jordan Staal in neutral zone.
2:15 of 1st period - Minor Penalty to Brian Dumoulin for Interference.
2:16 of 1st period - Jordan Staal wins face-off versus Evan Rodrigues in Vegas Golden Knights zone.
2:31 of 1st period - Snap shot by Evan Rodrigues.
2:31 of 1st period - Shot Blocked by Andrew Peeke.
2:41 of 1st period - Marc Staal is hit by Elias Lindholm and loses puck.
3:28 of 1st period - Tom Wilson is hit by Carter Verhaeghe.
4:01 of 1st period - Icing by Evan Rodrigues.
4:02 of 1st period - Jordan Staal wins face-off versus Evan Rodrigues in Philadelphia Flyers zone.
4:03 of 1st period - Slapshot by Vladislav Namestnikov.
4:03 of 1st period - Stopped by Thomas Greiss with a rebound.
4:15 of 1st period - Penalty to Brian Dumoulin is over, Brian Dumoulin is back on ice.
4:53 of 1st period - Victor Olofsson is hit by Elias Lindholm and loses puck.
5:04 of 1st period - Andrew Peeke is hit by Justin Faulk and loses puck.
5:28 of 1st period - Brian Dumoulin is hit by Matt Boldy and loses puck.
5:43 of 1st period - Snap shot by Jonathan Drouin.
5:43 of 1st period - Shot Blocked by Riley Sheahan.
5:45 of 1st period - Wrist shot by Zach Parise.
5:45 of 1st period - Shot Misses the Net.
5:47 of 1st period - Snap shot by Vladislav Namestnikov.
5:47 of 1st period - Shot Blocked by Evgenii Dadonov.
6:09 of 1st period - Wrist shot by Elias Lindholm.
6:09 of 1st period - Stopped by Casey DeSmith with a rebound.
6:59 of 1st period - Slapshot by Vladislav Namestnikov.
6:59 of 1st period - Stopped by Thomas Greiss without a rebound.
7:00 of 1st period - Evan Rodrigues wins face-off versus Vladislav Namestnikov in Philadelphia Flyers zone.
7:51 of 1st period - Wrist shot by Artemi Panarin.
7:51 of 1st period - Stopped by Thomas Greiss with a rebound.
8:13 of 1st period - Wrist shot by T.J. Tynan.
8:13 of 1st period - Stopped by Casey DeSmith with a rebound.
8:15 of 1st period - Slapshot by Alexander Edler.
8:15 of 1st period - Stopped by Casey DeSmith with a rebound.
9:00 of 1st period - Wrist shot by Elias Lindholm.
9:00 of 1st period - Stopped by Casey DeSmith without a rebound.
9:01 of 1st period - Riley Sheahan wins face-off versus Jordan Staal in Vegas Golden Knights zone.
9:14 of 1st period - Slapshot by Artemi Panarin.
9:14 of 1st period - Stopped by Thomas Greiss with a rebound.
10:01 of 1st period - Snap shot by Tyler Bertuzzi.
10:01 of 1st period - Stopped by Casey DeSmith without a rebound.
10:02 of 1st period - Artemi Panarin wins face-off versus Riley Sheahan in Vegas Golden Knights zone.
11:00 of 1st period - Snap shot by Tyler Bertuzzi.
11:00 of 1st period - Stopped by Casey DeSmith with a rebound.
11:17 of 1st period - Wrist shot by T.J. Tynan.
11:17 of 1st period - Shot Misses the Net.
11:33 of 1st period - Slapshot by Evgenii Dadonov.
11:33 of 1st period - Shot Misses the Net.
11:35 of 1st period - Wrist shot by Matt Roy.
11:35 of 1st period - Shot Blocked by John Marino.
11:37 of 1st period - Snap shot by Oliver Ekman-Larsson.
11:37 of 1st period - Shot Blocked by Jordan Staal.
11:39 of 1st period - Snap shot by Matt Roy.
11:39 of 1st period - Stopped by Casey DeSmith with a rebound.
12:03 of 1st period - Oliver Ekman-Larsson is hit by P.K. Subban.
12:23 of 1st period - Wrist shot by Elias Lindholm.
12:23 of 1st period - Deflect By Tyler Bertuzzi.
12:23 of 1st period - Shot Blocked by Anthony Cirelli.
12:23 of 1st period - Puck is out of play.
12:24 of 1st period - Jordan Staal wins face-off versus Riley Sheahan in Vegas Golden Knights zone.
12:33 of 1st period - Riley Sheahan is hit by Artemi Panarin and loses puck.
12:59 of 1st period - Slapshot by Carter Verhaeghe.
12:59 of 1st period - Deflect By Matt Boldy.
12:59 of 1st period - Shot Misses the Net.
12:59 of 1st period - Puck is out of play.
13:00 of 1st period - Evan Rodrigues wins face-off versus Jordan Staal in Vegas Golden Knights zone.
13:07 of 1st period - Wrist shot by Matt Boldy.
13:07 of 1st period - Shot Blocked by Artemi Panarin.
13:09 of 1st period - Wrist shot by Carter Verhaeghe.
13:09 of 1st period - Stopped by Casey DeSmith without a rebound.
13:10 of 1st period - Jordan Staal wins face-off versus Evan Rodrigues in Vegas Golden Knights zone.
13:21 of 1st period - Snap shot by Carter Verhaeghe.
13:21 of 1st period - Shot Blocked by John Marino.
13:23 of 1st period - Backhand shot by Oliver Ekman-Larsson.
13:23 of 1st period - Shot Misses the Net.
13:25 of 1st period - Snap shot by Matt Boldy.
13:25 of 1st period - Goal by Matt Boldy - Philadelphia Flyers : 2 - Vegas Golden Knights : 0.
13:26 of 1st period - Jordan Staal wins face-off versus Riley Sheahan in neutral zone.
13:41 of 1st period - Wrist shot by Marcus Johansson.
13:41 of 1st period - Stopped by Casey DeSmith without a rebound.
13:42 of 1st period - Anthony Cirelli wins face-off versus Elias Lindholm in Vegas Golden Knights zone.
13:54 of 1st period - Matt Roy is hit by Andrew Peeke and loses puck.
14:32 of 1st period - Slapshot by Carter Verhaeghe.
14:32 of 1st period - Shot Misses the Net.
14:34 of 1st period - Slapshot by Evan Rodrigues.
14:34 of 1st period - Shot Blocked by Vladislav Namestnikov.
14:36 of 1st period - Slapshot by Matt Roy.
14:36 of 1st period - Shot Blocked by Zach Parise.
14:38 of 1st period - Snap shot by Evan Rodrigues.
14:38 of 1st period - Shot Misses the Net.
14:40 of 1st period - Slapshot by Oliver Ekman-Larsson.
14:40 of 1st period - Shot Blocked by John Marino.
15:23 of 1st period - Alexander Barabanov is hit by Jaden Schwartz and loses puck.
15:40 of 1st period - Brian Dumoulin is hit by Alexander Edler and loses puck.
15:45 of 1st period - Wrist shot by Evgenii Dadonov.
15:45 of 1st period - Stopped by Casey DeSmith without a rebound.
15:46 of 1st period - Evan Rodrigues wins face-off versus Tom Wilson in Vegas Golden Knights zone.
15:49 of 1st period - Slapshot by Evan Rodrigues.
15:49 of 1st period - Shot Blocked by Tom Wilson.
15:53 of 1st period - Wrist shot by Matt Boldy.
15:53 of 1st period - Stopped by Casey DeSmith without a rebound.
15:54 of 1st period - Matt Boldy wins face-off versus Jordan Staal in Vegas Golden Knights zone.
16:22 of 1st period - Wrist shot by Evan Rodrigues.
16:22 of 1st period - Shot Misses the Net.
16:24 of 1st period - Snap shot by Matt Boldy.
16:24 of 1st period - Stopped by Casey DeSmith with a rebound.
16:26 of 1st period - Slapshot by Alexander Edler.
16:26 of 1st period - Shot Misses the Net.
16:28 of 1st period - Slapshot by Matt Boldy.
16:28 of 1st period - Stopped by Casey DeSmith without a rebound.
16:29 of 1st period - Riley Sheahan wins face-off versus Anthony Cirelli in Vegas Golden Knights zone.
16:32 of 1st period - Snap shot by Evgenii Dadonov.
16:32 of 1st period - Shot Hit the Post.
16:34 of 1st period - Slapshot by Justin Faulk.
16:34 of 1st period - Shot Misses the Net.
16:36 of 1st period - Slapshot by Justin Faulk.
16:36 of 1st period - Shot Misses the Net.
16:38 of 1st period - Slapshot by Marcus Johansson.
16:38 of 1st period - Shot Misses the Net.
16:40 of 1st period - Wrist shot by Riley Sheahan.
16:40 of 1st period - Stopped by Casey DeSmith with a rebound.
16:42 of 1st period - Snap shot by Riley Sheahan.
16:42 of 1st period - Stopped by Casey DeSmith without a rebound.
16:43 of 1st period - Elias Lindholm wins face-off versus Anthony Cirelli in Vegas Golden Knights zone.
17:49 of 1st period - Wrist shot by Victor Olofsson.
17:49 of 1st period - Shot Misses the Net.
17:51 of 1st period - Slapshot by Marc Staal.
17:51 of 1st period - Shot Blocked by Evan Rodrigues.
17:55 of 1st period - Snap shot by Victor Olofsson.
17:55 of 1st period - Shot Misses the Net.
18:47 of 1st period - Wrist shot by Carter Verhaeghe.
18:47 of 1st period - Stopped by Casey DeSmith without a rebound.
18:48 of 1st period - Elias Lindholm wins face-off versus Jonathan Drouin in Vegas Golden Knights zone.
19:16 of 1st period - Snap shot by Jonathan Drouin.
19:16 of 1st period - Stopped by Thomas Greiss with a rebound.
19:24 of 1st period - Snap shot by Alexander Barabanov.
19:24 of 1st period - Stopped by Casey DeSmith without a rebound.
19:25 of 1st period - Riley Sheahan wins face-off versus Jordan Staal in Vegas Golden Knights zone.
19:32 of 1st period - Snap shot by Marcus Johansson.
19:32 of 1st period - Stopped by Casey DeSmith without a rebound.
19:33 of 1st period - Jordan Staal wins face-off versus Riley Sheahan in Vegas Golden Knights zone.
19:38 of 1st period - Snap shot by Jordan Staal.
19:38 of 1st period - Stopped by Thomas Greiss with a rebound.
Goals for this period are 2 for Philadelphia Flyers vs 0 for Vegas Golden Knights.
Shots for this period are 22 for Philadelphia Flyers vs 8 for Vegas Golden Knights.
2nd period
0:01 of 2nd period - Jordan Staal wins face-off versus Riley Sheahan in neutral zone.
0:16 of 2nd period - Slapshot by Artemi Panarin.
0:16 of 2nd period - Stopped by Thomas Greiss with a rebound.
0:25 of 2nd period - Icing by Elias Lindholm.
0:26 of 2nd period - Elias Lindholm wins face-off versus Anthony Cirelli in Philadelphia Flyers zone.
0:26 of 2nd period - Elias Lindholm is hit by Jaden Schwartz.
0:35 of 2nd period - Minor Penalty to Jaden Schwartz for Slashing.
0:36 of 2nd period - Elias Lindholm wins face-off versus Jordan Staal in Vegas Golden Knights zone.
1:10 of 2nd period - Snap shot by Marcus Johansson.
1:10 of 2nd period - Stopped by Casey DeSmith with a rebound.
1:12 of 2nd period - Snap shot by Matt Boldy.
1:12 of 2nd period - Stopped by Casey DeSmith without a rebound.
1:13 of 2nd period - Elias Lindholm wins face-off versus Anthony Cirelli in Vegas Golden Knights zone.
1:16 of 2nd period - Slapshot by Tyler Bertuzzi.
1:16 of 2nd period - Shot Misses the Net.
1:44 of 2nd period - Slapshot by Matt Boldy.
1:44 of 2nd period - Goal by Matt Boldy - Philadelphia Flyers : 3 - Vegas Golden Knights : 0.
1:45 of 2nd period - Jordan Staal wins face-off versus Marcus Johansson in neutral zone.
2:01 of 2nd period - Wrist shot by Evgenii Dadonov.
2:01 of 2nd period - Stopped by Casey DeSmith with a rebound.
2:40 of 2nd period - Slapshot by Ben Chiarot.
2:40 of 2nd period - Shot Blocked by Vladislav Namestnikov.
2:44 of 2nd period - Snap shot by Evan Rodrigues.
2:44 of 2nd period - Stopped by Casey DeSmith with a rebound.
3:00 of 2nd period - Wrist shot by Evgenii Dadonov.
3:00 of 2nd period - Stopped by Casey DeSmith without a rebound.
3:01 of 2nd period - Jordan Staal wins face-off versus Riley Sheahan in Vegas Golden Knights zone.
3:01 of 2nd period - Jordan Staal is hit by Oliver Ekman-Larsson.
3:14 of 2nd period - Wrist shot by Evgenii Dadonov.
3:14 of 2nd period - Stopped by Casey DeSmith with a rebound.
4:03 of 2nd period - Snap shot by Marcus Johansson.
4:03 of 2nd period - Stopped by Casey DeSmith with a rebound.
4:05 of 2nd period - Snap shot by Riley Sheahan.
4:05 of 2nd period - Shot Blocked by Tom Wilson.
4:07 of 2nd period - Slapshot by Oliver Ekman-Larsson.
4:07 of 2nd period - Shot Misses the Net.
4:09 of 2nd period - Wrist shot by Evgenii Dadonov.
4:09 of 2nd period - Goal by Evgenii Dadonov - Philadelphia Flyers : 4 - Vegas Golden Knights : 0.
4:10 of 2nd period - Anthony Cirelli wins face-off versus Elias Lindholm in neutral zone.
4:12 of 2nd period - Minor Penalty to Anthony Cirelli for Holding.
4:13 of 2nd period - Jordan Staal wins face-off versus Tyler Bertuzzi in Vegas Golden Knights zone.
4:23 of 2nd period - Tom Wilson is hit by Justin Faulk and loses puck.
5:26 of 2nd period - Alexander Edler is hit by Andrew Peeke and loses puck.
5:45 of 2nd period - Justin Faulk is hit by Jaden Schwartz and loses puck.
5:52 of 2nd period - Snap shot by Jaden Schwartz.
5:52 of 2nd period - Shot Blocked by Justin Faulk.
5:54 of 2nd period - Slapshot by Marc-Edouard Vlasic.
5:54 of 2nd period - Deflect By Jaden Schwartz.
5:54 of 2nd period - Shot Misses the Net.
5:54 of 2nd period - Puck is out of play.
5:55 of 2nd period - Jordan Staal wins face-off versus Elias Lindholm in Philadelphia Flyers zone.
6:12 of 2nd period - Penalty to Anthony Cirelli is over, Anthony Cirelli is back on ice.
6:20 of 2nd period - Snap shot by Jaden Schwartz.
6:20 of 2nd period - Shot Blocked by Matt Roy.
6:58 of 2nd period - Icing by Andrew Peeke.
6:59 of 2nd period - Colin White wins face-off versus Elias Lindholm in Vegas Golden Knights zone.
7:07 of 2nd period - Icing by Justin Faulk.
7:08 of 2nd period - Jordan Staal wins face-off versus Tyler Bertuzzi in Philadelphia Flyers zone.
7:36 of 2nd period - Wrist shot by Tyler Bertuzzi.
7:36 of 2nd period - Stopped by Casey DeSmith with a rebound.
7:38 of 2nd period - Wrist shot by Tyler Bertuzzi.
7:38 of 2nd period - Shot Blocked by John Marino.
7:40 of 2nd period - Snap shot by Tyler Bertuzzi.
7:40 of 2nd period - Stopped by Casey DeSmith with a rebound.
7:58 of 2nd period - Slapshot by Tyler Bertuzzi.
7:58 of 2nd period - Shot Misses the Net.
8:00 of 2nd period - Slapshot by Justin Faulk.
8:00 of 2nd period - Shot Misses the Net.
8:02 of 2nd period - Snap shot by Tyler Bertuzzi.
8:02 of 2nd period - Shot Blocked by Anthony Cirelli.
8:04 of 2nd period - Slapshot by Justin Faulk.
8:04 of 2nd period - Stopped by Casey DeSmith without a rebound.
8:05 of 2nd period - Evan Rodrigues wins face-off versus Tom Wilson in Vegas Golden Knights zone.
8:53 of 2nd period - Matt Roy is hit by Andrew Peeke and loses puck.
9:54 of 2nd period - Tyler Bertuzzi is hit by Jonathan Drouin and loses puck.
10:07 of 2nd period - Slapshot by Justin Faulk.
10:07 of 2nd period - Shot Misses the Net.
10:09 of 2nd period - Slapshot by Ben Chiarot.
10:09 of 2nd period - Shot Misses the Net.
10:11 of 2nd period - Snap shot by T.J. Tynan.
10:11 of 2nd period - Shot Misses the Net.
10:15 of 2nd period - Wrist shot by Tomas Tatar.
10:15 of 2nd period - Shot Misses the Net.
10:17 of 2nd period - Slapshot by T.J. Tynan.
10:17 of 2nd period - Shot Hit the Post.
10:30 of 2nd period - Icing by P.K. Subban.
10:31 of 2nd period - Riley Sheahan wins face-off versus Colin White in Vegas Golden Knights zone.
11:51 of 2nd period - Wrist shot by Evgenii Dadonov.
11:51 of 2nd period - Stopped by Casey DeSmith without a rebound.
11:52 of 2nd period - Jordan Staal wins face-off versus Carter Verhaeghe in Vegas Golden Knights zone.
11:59 of 2nd period - Snap shot by Artemi Panarin.
11:59 of 2nd period - Stopped by Thomas Greiss with a rebound.
12:01 of 2nd period - Slapshot by John Marino.
12:01 of 2nd period - Stopped by Thomas Greiss without a rebound.
12:02 of 2nd period - Tom Wilson wins face-off versus Evan Rodrigues in Philadelphia Flyers zone.
12:19 of 2nd period - Snap shot by Artemi Panarin.
12:19 of 2nd period - Stopped by Thomas Greiss without a rebound.
12:20 of 2nd period - Elias Lindholm wins face-off versus Anthony Cirelli in Philadelphia Flyers zone.
12:33 of 2nd period - Snap shot by Jaden Schwartz.
12:33 of 2nd period - Stopped by Thomas Greiss with a rebound.
12:35 of 2nd period - Snap shot by Rickard Rakell.
12:35 of 2nd period - Goal by Rickard Rakell - Philadelphia Flyers : 4 - Vegas Golden Knights : 1.
12:36 of 2nd period - Elias Lindholm wins face-off versus Artemi Panarin in neutral zone.
12:39 of 2nd period - Jordan Staal is hit by Elias Lindholm and loses puck.
13:21 of 2nd period - Wrist shot by Zach Parise.
13:21 of 2nd period - Shot Blocked by Marcus Johansson.
13:23 of 2nd period - Wrist shot by Zach Parise.
13:23 of 2nd period - Shot Misses the Net.
13:25 of 2nd period - Wrist shot by Jonathan Drouin.
13:25 of 2nd period - Stopped by Thomas Greiss with a rebound.
13:27 of 2nd period - Snap shot by Vladislav Namestnikov.
13:27 of 2nd period - Deflect By Jonathan Drouin.
13:27 of 2nd period - Stopped by Thomas Greiss with a rebound.
13:29 of 2nd period - Backhand shot by Vladislav Namestnikov.
13:29 of 2nd period - Shot Misses the Net.
14:21 of 2nd period - Matt Boldy is hit by Jaden Schwartz and loses puck.
14:40 of 2nd period - Snap shot by Jaden Schwartz.
14:40 of 2nd period - Deflect By Zach Parise.
14:40 of 2nd period - Stopped by Thomas Greiss with a rebound.
14:50 of 2nd period - Slapshot by Zach Parise.
14:50 of 2nd period - Stopped by Thomas Greiss with a rebound.
14:52 of 2nd period - Slapshot by Marc Staal.
14:52 of 2nd period - Shot Blocked by Artem Zub.
15:06 of 2nd period - Artem Zub is hit by Marc-Edouard Vlasic and loses puck.
15:19 of 2nd period - P.K. Subban is hit by T.J. Tynan and loses puck.
15:28 of 2nd period - Wrist shot by Tomas Tatar.
15:28 of 2nd period - Deflect By T.J. Tynan.
15:28 of 2nd period - Stopped by Casey DeSmith without a rebound.
15:29 of 2nd period - Anthony Cirelli wins face-off versus Elias Lindholm in Vegas Golden Knights zone.
15:29 of 2nd period - Anthony Cirelli is hit by Alexander Barabanov.
15:35 of 2nd period - Backhand shot by Brian Dumoulin.
15:35 of 2nd period - Stopped by Thomas Greiss with a rebound.
15:37 of 2nd period - Slapshot by John Marino.
15:37 of 2nd period - Deflect By Jaden Schwartz.
15:37 of 2nd period - Stopped by Thomas Greiss with a rebound.
15:39 of 2nd period - Wrist shot by Jaden Schwartz.
15:39 of 2nd period - Goal by Jaden Schwartz - Philadelphia Flyers : 4 - Vegas Golden Knights : 2.
15:40 of 2nd period - Tom Wilson wins face-off versus Evan Rodrigues in neutral zone.
15:45 of 2nd period - Snap shot by Artemi Panarin.
15:45 of 2nd period - Stopped by Thomas Greiss without a rebound.
15:46 of 2nd period - Jordan Staal wins face-off versus Evan Rodrigues in Philadelphia Flyers zone.
16:18 of 2nd period - Brian Dumoulin is hit by Alexander Barabanov and loses puck.
16:37 of 2nd period - Snap shot by Rickard Rakell.
16:37 of 2nd period - Shot Blocked by Riley Sheahan.
17:01 of 2nd period - Slapshot by Carter Verhaeghe.
17:01 of 2nd period - Goal by Carter Verhaeghe - Philadelphia Flyers : 5 - Vegas Golden Knights : 2.
17:02 of 2nd period - Jordan Staal wins face-off versus Elias Lindholm in neutral zone.
17:29 of 2nd period - Ben Chiarot is hit by Jaden Schwartz and loses puck.
17:48 of 2nd period - Wrist shot by Jonathan Drouin.
17:48 of 2nd period - Shot Blocked by Oliver Ekman-Larsson.
18:57 of 2nd period - Anthony Cirelli is hit by Ben Chiarot and loses puck.
19:31 of 2nd period - Snap shot by Matt Boldy.
19:31 of 2nd period - Shot Misses the Net.
19:33 of 2nd period - Snap shot by Artem Zub.
19:33 of 2nd period - Shot Misses the Net.
19:40 of 2nd period - Minor Penalty to Jonathan Drouin for High sticking.
19:41 of 2nd period - Jordan Staal wins face-off versus Elias Lindholm in Vegas Golden Knights zone.
Goals for this period are 3 for Philadelphia Flyers vs 2 for Vegas Golden Knights.
Shots for this period are 15 for Philadelphia Flyers vs 14 for Vegas Golden Knights.
3rd period
0:01 of 3rd period - Elias Lindholm wins face-off versus Jordan Staal in neutral zone.
1:40 of 3rd period - Penalty to Jonathan Drouin is over, Jonathan Drouin is back on ice.
1:50 of 3rd period - Andrew Peeke is hit by Tyler Bertuzzi and loses puck.
2:38 of 3rd period - Rickard Rakell is hit by Evan Rodrigues and loses puck.
2:57 of 3rd period - Rickard Rakell is hit by Matt Boldy and loses puck.
3:06 of 3rd period - Matt Boldy is hit by P.K. Subban and loses puck.
3:27 of 3rd period - Snap shot by Anthony Cirelli.
3:27 of 3rd period - Shot Misses the Net.
3:29 of 3rd period - Snap shot by Rickard Rakell.
3:29 of 3rd period - Stopped by Thomas Greiss with a rebound.
3:31 of 3rd period - Snap shot by Anthony Cirelli.
3:31 of 3rd period - Stopped by Thomas Greiss with a rebound.
3:35 of 3rd period - Wrist shot by Anthony Cirelli.
3:35 of 3rd period - Shot Blocked by Matt Boldy.
3:37 of 3rd period - Wrist shot by Rickard Rakell.
3:37 of 3rd period - Deflect By Jaden Schwartz.
3:37 of 3rd period - Stopped by Thomas Greiss with a rebound.
3:39 of 3rd period - Slapshot by Anthony Cirelli.
3:39 of 3rd period - Goal by Anthony Cirelli - Philadelphia Flyers : 5 - Vegas Golden Knights : 3.
3:40 of 3rd period - Jordan Staal wins face-off versus Riley Sheahan in neutral zone.
3:57 of 3rd period - Snap shot by Tom Wilson.
3:57 of 3rd period - Deflect By Artemi Panarin.
3:57 of 3rd period - Shot Misses the Net.
3:57 of 3rd period - Puck is out of play.
3:58 of 3rd period - Jonathan Drouin wins face-off versus T.J. Tynan in Philadelphia Flyers zone.
4:24 of 3rd period - Evgenii Dadonov is hit by Jordan Staal and loses puck.
7:23 of 3rd period - Wrist shot by Tyler Bertuzzi.
7:23 of 3rd period - Shot Misses the Net.
7:53 of 3rd period - Marc Staal is hit by Matt Roy.
9:07 of 3rd period - Slapshot by Andreas Johnsson.
9:07 of 3rd period - Shot Misses the Net.
9:09 of 3rd period - Slapshot by John Marino.
9:09 of 3rd period - Shot Blocked by Artem Zub.
9:25 of 3rd period - T.J. Tynan is hit by Jonathan Drouin.
9:52 of 3rd period - Slapshot by Evgenii Dadonov.
9:52 of 3rd period - Stopped by Casey DeSmith with a rebound.
10:08 of 3rd period - Jonathan Drouin is hit by Alexander Edler and loses puck.
10:12 of 3rd period - Icing by Jonathan Drouin.
10:13 of 3rd period - T.J. Tynan wins face-off versus Vladislav Namestnikov in Vegas Golden Knights zone.
11:09 of 3rd period - Artemi Panarin is hit by Oliver Ekman-Larsson and loses puck.
11:57 of 3rd period - Wrist shot by Colin White.
11:57 of 3rd period - Shot Misses the Net.
11:59 of 3rd period - Snap shot by Victor Olofsson.
11:59 of 3rd period - Goal by Victor Olofsson - Philadelphia Flyers : 5 - Vegas Golden Knights : 4.
12:00 of 3rd period - Elias Lindholm wins face-off versus Jordan Staal in neutral zone.
12:17 of 3rd period - Snap shot by Alexander Barabanov.
12:17 of 3rd period - Shot Blocked by Jordan Staal.
12:28 of 3rd period - Icing by Anthony Cirelli.
12:29 of 3rd period - Evan Rodrigues wins face-off versus Anthony Cirelli in Vegas Golden Knights zone.
12:37 of 3rd period - Icing by Anthony Cirelli.
12:38 of 3rd period - Anthony Cirelli wins face-off versus Tyler Bertuzzi in Vegas Golden Knights zone.
12:38 of 3rd period - Anthony Cirelli is hit by Elias Lindholm.
12:44 of 3rd period - Marc Staal is hit by Tyler Bertuzzi and loses puck.
13:13 of 3rd period - Jordan Staal is hit by Riley Sheahan and loses puck.
13:47 of 3rd period - Oliver Ekman-Larsson is hit by Colin White and loses puck.
15:14 of 3rd period - Jaden Schwartz is hit by Elias Lindholm and loses puck.
15:32 of 3rd period - Tyler Bertuzzi is hit by Tom Wilson and loses puck.
16:50 of 3rd period - Snap shot by Tomas Tatar.
16:50 of 3rd period - Deflect By T.J. Tynan.
16:50 of 3rd period - Shot Misses the Net.
16:50 of 3rd period - Puck is out of play.
16:51 of 3rd period - Riley Sheahan wins face-off versus Vladislav Namestnikov in Vegas Golden Knights zone.
17:06 of 3rd period - Slapshot by Jonathan Drouin.
17:06 of 3rd period - Stopped by Thomas Greiss with a rebound.
17:26 of 3rd period - Wrist shot by Matt Boldy.
17:26 of 3rd period - Stopped by Casey DeSmith without a rebound.
17:27 of 3rd period - Jordan Staal wins face-off versus Elias Lindholm in Vegas Golden Knights zone.
17:54 of 3rd period - Artem Zub is hit by Andrew Peeke and loses puck.
18:17 of 3rd period - Off-side.
18:18 of 3rd period - Evan Rodrigues wins face-off versus Jordan Staal in neutral zone.
18:42 of 3rd period - Artemi Panarin is hit by Justin Faulk and loses puck.
19:10 of 3rd period - Minor Penalty to John Marino for Holding.
19:11 of 3rd period - Elias Lindholm wins face-off versus Jordan Staal in Vegas Golden Knights zone.
Goals for this period are 0 for Philadelphia Flyers vs 2 for Vegas Golden Knights.
Shots for this period are 2 for Philadelphia Flyers vs 6 for Vegas Golden Knights.
Back to the Top